 Dungeon Sprint DCSS version 0.21.0 (webtiles) character file.

3200000 wojtek the Axe Maniac (level 22, -4/233 HPs)
             Began as a Minotaur Berserker on Jan 7, 2018.
             Engulfed by a cloud of flame (29 damage)
             ... in the Dungeon (Sprint VIII: "Arena of Blood").
             The game lasted 00:01:06 (32 turns).

wojtek the Axe Maniac (Minotaur Berserker)            Turns: 32, Time: 00:01:07

Health: -4/233     AC:  4    Str: 29    XL:     22   Next: 32%
Magic:  18/52      EV: 30    Int:  4    God:
Gold:   0          SH:  0    Dex: 13    Spells: 75/75 levels left

rFire    . . .     SeeInvis .   j - +∞ Axe of Woe
rCold    . . .     Gourm    .   (shield currently unavailable)
rNeg     . . .     Faith    .   b - +0 animal skin
rPois    .         Spirit   .   (helmet restricted)
rElec    .         Reflect  .   (no cloak)
rCorr    .         Harm     .   (no gloves)
MR       +....     NoTele   +   (no boots)
Stlth    +++++++++.             (no amulet)
HPRegen  0.48/turn              (no ring)
MPRegen  0.33/turn              (no ring)

@: berserk cooldown, slowed, very slow
A: retaliatory headbutt, horns 2
a: no special abilities


You were in the Dungeon.
You were not hungry.

You visited 1 branch

Inventory:

Hand Weapons
 a - a +0 hand axe
 j - the +∞ Axe of Woe (weapon)
   (You found it in the Dungeon)
Armour
 b - a +0 animal skin (worn)
Scrolls
 i - a scroll of blinking
Potions
 d - a potion of curing
 e - a potion of heal wounds
 f - a potion of haste
 g - 2 potions of magic
 h - a potion of berserk rage
Comestibles
 c - a ration


   Skills:
 O Level 27 Fighting
 O Level 27 Axes
 O Level 27 Throwing
 O Level 27 Armour
 O Level 27 Dodging
 O Level 27 Stealth
 O Level 27 Unarmed Combat
 O Level 27 Spellcasting


You had 75 spell levels left.
You didn't know any spells.

Dungeon Overview and Level Annotations

Branches:
Dungeon (1/1)

Altars:
Makhleb


Innate Abilities, Weirdness & Mutations

You reflexively headbutt those who attack you in melee.
You have a pair of horns on your head.


Message History

You destroy the destroyer!
You hear a shout! x5
A large bag of meat comes into view. It is wielding a +9 giant spiked club.
Unknown command.
Unknown command.
Unknown command.
You hit the bag of meat.
You fatally mangle the bag of meat.
You kill the bag of meat!
You slice the large bag of meat!!
You slaughter the large bag of meat joyfully.
The large bag of meat explodes!
The fiery explosion engulfs the bag of meat.
The fiery explosion engulfs you!
* * * LOW HITPOINT WARNING * * *
The fiery explosion engulfs the destroyer.
You have reached level 22!
You slice the bag of meat!!
You butcher the bag of meat messily.
You kill the bag of meat!
You are engulfed in blazing flames.
You die...

..#.....#.......#.#
..#_.<._#..........
..#.....#.)....#.#.
....._..)))).......
......###.)..))...#.#
.###......)###.......
#....)).# .......
.#....)§)#.o.......
O...D.)@§§o.o...O.o
.......§)VD..#...#.
.......o..o.#..o.#
..........##...
#........#. ...
.........#.. ##
#.#..........
.......... ...


You could see 2 eight-headed meat hydras, a destroyer, a large bag of meat
(inner flame) and 5 bags of meat.

Vanquished Creatures
  A vampire knight (D)
  9 ogres (D)
  A two-headed ogre (D)
  17 orcs (D)
28 creatures vanquished.

Notes
Turn   | Place    | Note
-------+----------+-------------------------------------------
     0 | D        | Found the +∞ Axe of Woe
     0 | D        | wojtek the Minotaur Berserker began the quest for the Orb.
     0 | D        | Reached XP level 1. HP: 19/19 MP: 0/0
     7 | D        | Noticed a bag of meat
     7 | D        | Noticed a meat berserker
     7 | D        | Noticed a meat berserker
     7 | D        | Noticed a meat berserker
     9 | D        | Noticed a meat berserker
     9 | D        | Noticed a meat berserker
    10 | D        | Noticed a bag of meat
    10 | D        | Noticed a bag of meat
    10 | D        | Killed a meat berserker
    10 | D        | Reached XP level 2. HP: 62/62 MP: 1/1
    10 | D        | Reached XP level 3. HP: 69/69 MP: 2/2
    10 | D        | Reached XP level 4. HP: 78/78 MP: 3/3
    10 | D        | Reached XP level 5. HP: 85/85 MP: 4/4
    10 | D        | Reached XP level 6. HP: 93/93 MP: 5/5
    10 | D        | Reached XP level 7. HP: 101/101 MP: 6/6
    10 | D        | Reached XP level 8. HP: 110/110 MP: 7/7
    10 | D        | Reached XP level 9. HP: 116/116 MP: 8/8
    10 | D        | Reached XP level 10. HP: 125/125 MP: 9/9
    10 | D        | Reached XP level 11. HP: 133/133 MP: 10/10
    10 | D        | Reached XP level 12. HP: 140/140 MP: 11/11
    10 | D        | Reached XP level 13. HP: 148/148 MP: 12/12
    10 | D        | Noticed a bag of meat
    11 | D        | Noticed a meat berserker
    11 | D        | Noticed a bag of meat
    11 | D        | Killed a meat berserker
    11 | D        | Reached ** piety under Trog
    11 | D        | Reached skill level 27 in Axes
    11 | D        | Reached skill level 15 in Armour
    11 | D        | Reached XP level 14. HP: 166/166 MP: 13/13
    11 | D        | Killed a meat berserker
    11 | D        | Reached skill level 27 in Fighting
    11 | D        | Reached XP level 15. HP: 174/174 MP: 14/14
    12 | D        | Killed a meat berserker
    12 | D        | Reached XP level 16. HP: 183/183 MP: 15/15
    12 | D        | Reached *** piety under Trog
    12 | D        | Reached skill level 27 in Armour
    12 | D        | Reached skill level 27 in Dodging
    14 | D        | Killed a meat berserker
    14 | D        | Reached skill level 10 in Stealth
    14 | D        | Reached XP level 17. HP: 191/191 MP: 15/28
    14 | D        | Reached skill level 10 in Spellcasting
    16 | D        | Noticed a meat berserker
    16 | D        | Killed a meat berserker
    16 | D        | Reached skill level 15 in Stealth
    17 | D        | Fell from the grace of Trog
    17 | D        | Reached XP level 18. HP: 200/200 MP: 15/34
    21 | D        | Reached skill level 15 in Spellcasting
    23 | D        | Noticed a meat berserker
    23 | D        | Noticed a meat berserker
    24 | D        | Reached XP level 19. HP: 186/207 MP: 16/38
    25 | D        | Noticed a destroyer
    26 | D        | Killed a meat berserker
    27 | D        | Noticed a large bag of meat
    28 | D        | Noticed a destroyer
    28 | D        | Killed a meat berserker
    28 | D        | Reached skill level 27 in Unarmed Combat
    28 | D        | Reached XP level 20. HP: 105/216 MP: 17/43
    28 | D        | Killed a meat berserker
    28 | D        | Reached skill level 27 in Throwing
    29 | D        | Reached skill level 27 in Stealth
    30 | D        | Noticed an eight-headed meat hydra
    31 | D        | Noticed an eight-headed meat hydra
    31 | D        | Reached XP level 21. HP: 52/224 MP: 18/48
    31 | D        | Reached skill level 27 in Spellcasting
    31 | D        | Killed a destroyer
    32 | D        | Noticed a large bag of meat
    32 | D        | Killed a large bag of meat
    32 | D        | Reached XP level 22. HP: 25/233 MP: 18/52
    32 | D        | Engulfed by a cloud of flame

Skill      XL: |  1  2  3  4  5  6  7  8  9 10 11 12 13 14 15 16 17 18 19 20 21 |
---------------+----------------------------------------------------------------+-----
Fighting       | 23 26 27 | 27.0
Axes           | 23 27 | 27.0
Armour         | 13 15 20 26 27 | 27.0
Dodging        | 12 14 20 26 27 | 27.0
Throwing       | 11 17 21 26 27 | 27.0
Stealth        | 10 16 20 25 27 | 27.0
Unarmed Combat | 12 19 23 27 | 27.0
Spellcasting   | 8 13 16 20 24 27 | 27.0

Action                   |  1- 3 |  4- 6 |  7- 9 | 10-12 | 13-15 | 16-18 | 19-21 | 22-24 || total
-------------------------+-------+-------+-------+-------+-------+-------+-------+-------++-------
Melee: Executioner's axe |     1 |       |       |       |     2 |     6 |     6 |       ||    15
Invok: Berserk           |     1 |       |       |       |       |       |       |       ||     1
Dodge: Dodged            |       |       |       |       |       |     1 |       |       ||     1
